[Event "Titled Tuesday Blitz January 03 Early 2023"]
[White "Kanakaris, Georgios"]
[Black "Melaugh, Shane"]
[WhiteFideId "4209460"]
[BlackFideId "2509580"]
[WhiteElo "2391"]
[BlackElo "2115"]
[Result "0-1"]
[Round "05"]
[TimeControl "180+2"]
[Date "2023.01.03"]
[WhiteClock "0:00:06"]
[BlackClock "0:00:30"]

1. d4 e6 2. Nf3 f5 3. g3 Nf6 4. Bg2 Be7 5. c4 O-O 6. Nc3 d6 7. O-O Nc6 8. d5 Na5 9. b3 e5 10. Nd2 b6 11. b4 Nb7 12. Bb2 Qe8 13. Nb5 Bd8 14. Qb3 Qh5 15. Nf3 f4 16. Rac1 Ng4 17. h3 Nf6 18. h4 fxg3 19. fxg3 Ne4 20. Nxe5 Rxf1+ 21. Rxf1 Nd2 22. Qc3 Nxf1 23. Nd7 Qf7 24. Bxf1 Bxd7 25. Nd4 Bf6 0-1


[Site "https://www.chess.com"]

[Event "Titled Tuesday Blitz January 03 Early 2023"]
[White "Bayramov, Zaur"]
[Black "MIM06"]
[WhiteFideId "13405080"]
[WhiteElo "2276"]
[BlackElo "2273"]
[Result "1-0"]
[Round "05"]
[TimeControl "180+2"]
[Date "2023.01.03"]
[WhiteClock "0:00:45"]
[BlackClock "0:00:04"]

1. d4 Nf6 2. Nf3 g6 3. Bg5 Bg7 4. Nbd2 d5 5. e3 O-O 6. Bd3 c5 7. c3 Nc6 8. O-O Nd7 9. h3 Qb6 10. Rb1 f6 11. Bh4 e5 12. dxc5 Nxc5 13. Be2 Bf5 14. b4 Ne4 15. Nxe4 Bxe4 16. Rc1 Kh8 17. a3 Rac8 18. c4 dxc4 19. Rxc4 Rcd8 20. Qc1 Bd5 21. Rc5 e4 22. Nd2 Ne5 23. Bg3 Nd3 24. Bxd3 exd3 25. Bc7 Qe6 26. Bxd8 Rxd8 27. e4 Bc6 28. Re1 Bf8 29. Rc3 Bd6 30. Re3 Qe5 31. Nf3 Qf4 32. Rcxd3 Bxe4 33. Rd4 f5 34. Qc3 Kg8 35. Qc4+ Kg7 36. Rdxe4 fxe4 37. Rxe4 Qf7 38. Qc3+ Kg8 39. Rd4 Be7 40. Rxd8+ Bxd8 41. Ne5 Qd5 42. g3 Bf6 43. Qc8+ Kg7 44. Ng4 Bd4 45. Qc7+ Kf8 46. Qf4+ Kg8 47. Nf6+ Bxf6 48. Qxf6 Qd1+ 49. Kg2 Qd7 50. Qf3 Qe7 51. h4 Qd7 52. Qe4 b6 53. Kf3 a5 54. bxa5 bxa5 55. a4 Qc7 56. Qd5+ Kg7 57. h5 Qc3+ 58. Kg2 gxh5 59. Qg5+ Kh8 60. Qxh5 Qc6+ 61. Qf3 Qc5 62. g4 Kg7 63. Qe4 Qc3 64. f4 h6 65. Qe5+ Qxe5 66. fxe5 Kf7 67. Kf3 Ke6 68. Kf4 1-0


[Site "https://www.chess.com"]

[Event "Titled Tuesday Blitz January 03 Early 2023"]
[White "Iljin, Timofey"]
[Black "Alfaro, William"]
[WhiteFideId "14110180"]
[BlackFideId "6100457"]
[WhiteElo "2329"]
[BlackElo "2134"]
[Result "1-0"]
[Round "05"]
[TimeControl "180+2"]
[Date "2023.01.03"]
[WhiteClock "0:00:20"]
[BlackClock "0:01:33"]

1. e4 c5 2. c3 d5 3. exd5 Qxd5 4. d4 cxd4 5. cxd4 Nc6 6. Nf3 Bg4 7. Nc3 Bxf3 8. Nxd5 Bxd1 9. Nc7+ Kd8 10. Nxa8 Bh5 11. Be3 e6 12. f3 Nf6 13. Bb5 Bb4+ 14. Kf2 Kd7 15. h4 h6 16. g4 Bg6 17. g5 Nd5 18. h5 Bf5 19. gxh6 gxh6 20. Rhg1 Rxa8 21. Rg7 Nxe3 22. Rxf7+ Ke8 23. Rxb7 Rc8 24. Kxe3 Be7 25. Rc1 Bg5+ 26. f4 Bf6 27. Bxc6+ Kf8 28. Rc3 Rd8 29. Bd7 Ke7 30. Bc8+ Kf8 31. Rd7 Bxd4+ 32. Rxd4 1-0


[Site "https://www.chess.com"]

[Event "Titled Tuesday Blitz January 03 Early 2023"]
[White "Zainullina, Nataliya"]
[Black "Kobalia, Mikhail"]
[WhiteFideId "4145488"]
[BlackFideId "4119150"]
[WhiteElo "2099"]
[BlackElo "2578"]
[Result "0-1"]
[Round "05"]
[TimeControl "180+2"]
[Date "2023.01.03"]
[WhiteClock "0:00:01"]
[BlackClock "0:00:33"]

1. Nf3 f5 2. g3 Nf6 3. Bg2 g6 4. O-O Bg7 5. d4 O-O 6. c4 d6 7. d5 Nbd7 8. Nc3 Ne5 9. Qc2 Nxc4 10. Nb5 a6 11. Qxc4 axb5 12. Qxb5 Ne4 13. Nd2 Bd7 14. Qb3 Nc5 15. Qc2 Ba4 16. Qb1 Qe8 17. b4 Bxa1 18. Qxa1 Nd7 19. Nf3 Bb5 20. Bh6 Rf6 21. Bg5 Rf7 22. Re1 Bc4 23. Nd4 Rxa2 24. Qc3 b5 25. Ne6 Qa8 26. Nxc7 Qa3 27. Qd4 Qb2 28. Qe3 Ra1 29. Rxa1 Qxa1+ 30. Bf1 Ne5 31. Kg2 Ng4 32. Qb6 h6 33. Qb8+ Rf8 34. Bf6 Qxf1+ 35. Kxf1 Rxb8 0-1


[Site "https://www.chess.com"]

[Event "Titled Tuesday Blitz January 03 Early 2023"]
[White "ArchibaldCerveza29"]
[Black "Costachi, Mihnea"]
[BlackFideId "1217518"]
[WhiteElo "2510"]
[BlackElo "2476"]
[Result "1/2-1/2"]
[Round "05"]
[TimeControl "180+2"]
[Date "2023.01.03"]
[WhiteClock "0:00:09"]
[BlackClock "0:00:07"]

1. d4 Nf6 2. Nf3 c5 3. e3 g6 4. b3 Bg7 5. Bb2 O-O 6. Be2 b6 7. O-O Bb7 8. dxc5 bxc5 9. c4 Nc6 10. Nc3 d6 11. Qd2 Rb8 12. Rfd1 Na5 13. Nd5 Bxd5 14. cxd5 Qb6 15. Rac1 Rfc8 16. Bc3 Ne4 17. Bxa5 Nxd2 18. Bxb6 Nxf3+ 19. gxf3 Rxb6 20. f4 a5 21. Rc4 Rb4 22. Rdc1 Ra8 23. Kg2 Rab8 24. R1c2 h5 25. Kf3 Kf8 26. Bd3 Ke8 27. h4 Bf6 28. Kg3 Kf8 29. f5 g5 30. hxg5 Bxg5 31. f4 Bf6 32. Be2 h4+ 33. Kf3 Kg7 34. e4 Bd4 35. Bd3 Kf6 36. Rh2 a4 37. Rxb4 Rxb4 38. Bc4 axb3 39. axb3 Rb8 40. Rxh4 Ra8 41. Rh7 Ra2 42. e5+ dxe5 43. d6 Rf2+ 44. Kg3 exf4+ 45. Kg4 Rg2+ 46. Kxf4 Rf2+ 47. Ke4 exd6 48. Rxf7+ Kg5 49. Rd7 Be5 50. Rd8 Rf4+ 51. Kd5 Rxf5 52. Rg8+ Kh4 53. Ke4 Rf4+ 54. Ke3 Rd4 55. Rg6 d5 56. Be2 Re4+ 57. Kf2 Bd4+ 58. Kf3 Re3+ 59. Kf4 Kh3 60. Bf3 Rxf3+ 61. Kxf3 Kh4 62. Rd6 Kg5 63. Rxd5+ Kf6 64. Ke4 Bg1 65. Kd3 Ke6 66. Kc4 Bf2 67. Rh5 Kd6 68. Rh6+ Kc7 69. Rg6 Be3 70. Re6 Bd4 71. Re7+ Kd6 72. Rh7 Kc6 73. Rh6+ Kc7 74. Rg6 Be3 75. Kd5 Kb7 76. Kc4 Kc7 1/2-1/2


[Site "https://www.chess.com"]

[Event "Titled Tuesday Blitz January 03 Early 2023"]
[White "Beerdsen, Thomas"]
[Black "Winterberg, Lukas"]
[WhiteFideId "1030108"]
[BlackFideId "24622702"]
[WhiteElo "2507"]
[BlackElo "2402"]
[Result "1-0"]
[Round "05"]
[TimeControl "180+2"]
[Date "2023.01.03"]
[WhiteClock "0:01:40"]
[BlackClock "0:00:28"]

1. e4 e6 2. d4 d5 3. Nc3 Nf6 4. Bd3 c5 5. dxc5 Bxc5 6. exd5 exd5 7. Nf3 O-O 8. O-O Nc6 9. h3 Re8 10. Bg5 h6 11. Bxf6 Qxf6 12. Nxd5 Qd6 13. Nc3 Bxh3 14. gxh3 Qg3+ 15. Kh1 Bxf2 16. Ne4 Qxh3+ 17. Nh2 Bg3 18. Nxg3 Qxg3 19. Rg1 Qe5 20. Qg4 Qxb2 21. Rab1 Qf6 22. Rxb7 Ne5 23. Qf5 Qd6 24. Qh7+ Kf8 25. Qh8# 1-0


[Site "https://www.chess.com"]

[Event "Titled Tuesday Blitz January 03 Early 2023"]
[White "Taboas Rodriguez, Daniel"]
[Black "Mekhitarian, Krikor Sevag"]
[WhiteFideId "2208466"]
[BlackFideId "2107660"]
[WhiteElo "2371"]
[BlackElo "2537"]
[Result "1-0"]
[Round "05"]
[TimeControl "180+2"]
[Date "2023.01.03"]
[WhiteClock "0:00:09"]
[BlackClock "0:00:01"]

1. d4 Nf6 2. Nf3 g6 3. c4 Bg7 4. Nc3 d5 5. cxd5 Nxd5 6. e4 Nxc3 7. bxc3 c5 8. Be3 Qa5 9. Qd2 Nc6 10. Rc1 cxd4 11. cxd4 Qxd2+ 12. Kxd2 O-O 13. d5 Rd8 14. Ke1 Na5 15. Bg5 Bd7 16. Bd3 f5 17. e5 Be8 18. d6 exd6 19. Bxd8 Rxd8 20. exd6 Rxd6 21. Rc8 Kf7 22. Ke2 Bd7 23. Rc7 Re6+ 24. Kd2 Rd6 25. Re1 Kf6 26. Ne5 Bh6+ 27. Kc3 Be6 28. g3 a6 29. Rxh7 Bg7 30. f4 Bg8 31. Rh4 b5 32. Kb4 Nc6+ 33. Nxc6 Rxc6 34. g4 Kf7 35. Re3 Bc3+ 36. Ka3 Bd4 37. Rg3 Rc3+ 38. Kb4 fxg4 39. Rhxg4 1-0


[Site "https://www.chess.com"]

[Event "Titled Tuesday Blitz January 03 Early 2023"]
[White "Khubukshanov, Erdem"]
[Black "Erzhanov, Arman"]
[WhiteFideId "54114527"]
[BlackFideId "4138821"]
[WhiteElo "2382"]
[BlackElo "2228"]
[Result "1-0"]
[Round "05"]
[TimeControl "180+2"]
[Date "2023.01.03"]
[WhiteClock "0:00:03"]
[BlackClock "0:01:08"]

1. d4 d6 2. e4 Nf6 3. Nc3 e5 4. Nf3 Nbd7 5. Bc4 Be7 6. O-O Nb6 7. Be2 exd4 8. Nxd4 O-O 9. Re1 Re8 10. Bf4 Bf8 11. Bf1 c6 12. h3 d5 13. e5 Nfd7 14. Bg3 Nc5 15. f4 Ne6 16. Nf3 g6 17. Kh1 Bg7 18. Qd2 Nd7 19. Rad1 Ndf8 20. Ne2 Bh6 21. Nh2 Bg7 22. Ng1 Qb6 23. c4 d4 24. Ngf3 c5 25. Ng4 Qd8 26. Bd3 h5 27. Nf6+ Bxf6 28. exf6 Qxf6 29. f5 gxf5 30. Bh4 Qg7 31. Bxf5 Ng6 32. Bg3 Bd7 33. Ne5 Nxe5 34. Bxe5 Qg5 35. Qf2 Bc6 36. Kh2 Nf4 37. Bxf4 Qxf5 38. Qg3+ Qg6 39. Qf2 Re6 40. Rxe6 Qf6 41. Rxf6 1-0


[Site "https://www.chess.com"]

[Event "Titled Tuesday Blitz January 03 Early 2023"]
[White "Begmuratov, Khumoyun"]
[Black "Girsh, Daniel"]
[WhiteFideId "14210207"]
[BlackFideId "30949190"]
[WhiteElo "2387"]
[BlackElo "2123"]
[Result "0-1"]
[Round "05"]
[TimeControl "180+2"]
[Date "2023.01.03"]
[WhiteClock "0:02:02"]
[BlackClock "0:01:54"]

1. e4 c5 2. Nc3 d6 3. Bb5+ Bd7 4. Bxd7+ Qxd7 5. d3 Nc6 6. Nge2 g6 7. Be3 Bg7 8. Qd2 Nd4 9. O-O e5 10. Nd5 Ne7 11. Nxd4 cxd4 12. Bh6 O-O 13. Be3 Nxd5 14. Bh6 Ne7 15. Bxg7 Kxg7 16. f4 f5 17. Rae1 fxe4 18. Rxe4 Nc6 19. c4 Rxf4 20. Rexf4 exf4 21. Qxf4 Qe7 22. Qg3 Qe3+ 0-1


[Site "https://www.chess.com"]

[Event "Titled Tuesday Blitz January 03 Early 2023"]
[White "Rangel, Daniel"]
[Black "Matinian, Nikita"]
[WhiteFideId "2124475"]
[BlackFideId "24129100"]
[WhiteElo "2207"]
[BlackElo "2407"]
[Result "0-1"]
[Round "05"]
[TimeControl "180+2"]
[Date "2023.01.03"]
[WhiteClock "0:00:17"]
[BlackClock "0:02:04"]

1. c4 g6 2. g3 Bg7 3. Bg2 Nc6 4. e3 e5 5. Ne2 h5 6. h4 d6 7. O-O Bg4 8. Nbc3 Qd7 9. Nd5 O-O-O 10. b4 e4 11. Rb1 Ne5 12. Bb2 g5 13. hxg5 h4 14. b5 Nf3+ 15. Bxf3 Bxf3 16. Nef4 Bxd1 17. Bxg7 Rh7 18. Bf6 Bf3 19. Bxd8 Qg4 20. Bxc7 hxg3 21. Bxd6 Rh1# 0-1


[Site "https://www.chess.com"]

[Event "Titled Tuesday Blitz January 03 Early 2023"]
[White "Skvortsov, Andrei"]
[Black "Mica, Marek"]
[WhiteFideId "24108600"]
[BlackFideId "382884"]
[WhiteElo "2313"]
[BlackElo "2256"]
[Result "1-0"]
[Round "05"]
[TimeControl "180+2"]
[Date "2023.01.03"]
[WhiteClock "0:00:09"]
[BlackClock "0:00:23"]

1. d4 Nf6 2. Nf3 e6 3. g3 d5 4. Bg2 Bd6 5. O-O h6 6. Nbd2 b6 7. c4 Bb7 8. b3 O-O 9. Bb2 Nbd7 10. Re1 Re8 11. Ne5 c5 12. Nxd7 Qxd7 13. cxd5 Nxd5 14. e4 Nb4 15. Nc4 Rad8 16. a3 Nc6 17. Nxd6 Qxd6 18. dxc5 Qxc5 19. Qc1 Nd4 20. b4 Qb5 21. Qe3 e5 22. Rac1 Re7 23. Bf1 Qd7 24. Red1 Qg4 25. h3 Qxe4 26. Qxe4 Bxe4 27. Bxd4 exd4 28. Bd3 Bf3 29. Re1 Rde8 30. Rxe7 Rxe7 31. Rc8+ Re8 32. Rxe8# 1-0


[Site "https://www.chess.com"]

[Event "Titled Tuesday Blitz January 03 Early 2023"]
[White "Tran, Thanh Tu"]
[Black "Antonica, Dragos-Andrei"]
[WhiteFideId "12401404"]
[BlackFideId "1246372"]
[WhiteElo "2412"]
[BlackElo "2373"]
[Result "0-1"]
[Round "05"]
[TimeControl "180+2"]
[Date "2023.01.03"]
[WhiteClock "0:00:06"]
[BlackClock "0:00:23"]

1. Nf3 Nf6 2. d4 d5 3. e3 e6 4. Bd3 c5 5. b3 Nc6 6. Bb2 b6 7. Ne5 Bb7 8. f4 Be7 9. a3 Nxe5 10. fxe5 Ne4 11. Bb5+ Kf8 12. O-O f5 13. exf6 Bxf6 14. Nd2 Nxd2 15. Qxd2 Kg8 16. Rf3 c4 17. bxc4 a6 18. Rxf6 gxf6 19. Ba4 dxc4 20. c3 Kg7 21. Bc2 Rf8 22. e4 f5 23. e5 Kh8 24. Rf1 Rg8 25. Rf2 Qd5 26. a4 Rg4 27. Bd1 Rg6 28. Bh5 Rg7 29. Bf3 Qd7 30. Bxb7 Qxb7 31. Ba3 b5 32. a5 Qe4 33. Bb4 Rag8 34. h3 f4 35. Kh2 f3 36. g4 Rf7 37. Bd6 Qd3 38. Qh6 Qg6 39. Qh4 Qg5 40. Qxg5 Rxg5 41. Kg3 Rg8 42. Rxf3 Rxf3+ 43. Kxf3 Kg7 44. Ke4 Kf7 45. d5 Rh8 46. Kd4 Rc8 47. g5 Rg8 48. h4 Rc8 49. Bb4 Rd8 50. d6 Rc8 51. Bc5 Ke8 52. Bb4 Kd7 53. Bc5 Rf8 54. Ke4 Rf1 55. h5 Rh1 56. g6 hxg6 57. hxg6 Rh6 58. g7 Rg6 59. Bb4 Rxg7 60. Kd4 Kc6 61. Ke4 Rg4+ 62. Kf3 Rh4 63. Ke3 Rh7 64. Ke4 Rf7 65. Kd4 Rf3 66. Ke4 Rd3 67. Kf4 Kd5 68. d7 Kc6 69. Bd6 Kxd7 0-1


[Site "https://www.chess.com"]

[Event "Titled Tuesday Blitz January 03 Early 2023"]
[White "Fiorito, Joaquin"]
[Black "Abdilkhair, Abilmansur"]
[WhiteFideId "180173"]
[BlackFideId "13716417"]
[WhiteElo "2405"]
[BlackElo "2268"]
[Result "0-1"]
[Round "05"]
[TimeControl "180+2"]
[Date "2023.01.03"]
[WhiteClock "0:00:02"]
[BlackClock "0:00:05"]

1. d4 Nf6 2. Nc3 e6 3. Bf4 d6 4. e4 Be7 5. Nf3 O-O 6. Qd2 Nbd7 7. Bd3 c5 8. d5 exd5 9. exd5 Nh5 10. Be3 f5 11. Qe2 g6 12. O-O-O a6 13. h3 Bf6 14. g4 Bxc3 15. gxh5 Bg7 16. hxg6 hxg6 17. Rdg1 Qe8 18. Qd2 Ne5 19. Nh4 Kf7 20. f4 Nxd3+ 21. Qxd3 Qe4 22. Qxe4 fxe4 23. Nxg6 Re8 24. h4 Bd4 25. Kd2 Bf5 26. h5 Bf6 27. Nh4 Bh7 28. c3 b5 29. Rg5 b4 30. Nf5 bxc3+ 31. bxc3 Bxf5 32. Rxf5 Rab8 33. Kc2 Rh8 34. Rg1 Rbg8 35. Rgg5 Ke7 36. Rxg8 Rxg8 37. Kb3 Rg3 38. Bd2 e3 39. Be1 Rg1 40. h6 Rxe1 41. Rh5 e2 42. Rh2 Rb1+ 43. Kc4 e1=Q 44. h7 Qf1+ 45. Re2+ Qxe2# 0-1


[Site "https://www.chess.com"]

[Event "Titled Tuesday Blitz January 03 Early 2023"]
[White "Carlstedt, Jonathan"]
[Black "Orozbaev, Eldiar"]
[WhiteFideId "24614386"]
[BlackFideId "13802240"]
[WhiteElo "2441"]
[BlackElo "2235"]
[Result "0-1"]
[Round "05"]
[TimeControl "180+2"]
[Date "2023.01.03"]
[WhiteClock "0:00:09"]
[BlackClock "0:00:57"]

1. f4 e5 2. fxe5 d6 3. exd6 Bxd6 4. Nf3 g5 5. g3 h5 6. d4 h4 7. Bxg5 Be7 8. Bxe7 Nxe7 9. Nxh4 Nbc6 10. e3 Nd5 11. Ng2 Bh3 12. Qf3 Qd7 13. Na3 O-O-O 14. O-O-O Bg4 15. Qf2 Bxd1 16. Kxd1 Rhe8 17. c3 Qe7 18. Nc2 Ne5 19. Be2 Ng6 20. Kc1 Nf6 21. Qf5+ Kb8 22. Bf3 Ne4 23. Bxe4 Qxe4 24. Qxe4 Rxe4 25. Rf1 Rh8 26. h4 Rg4 27. Rf3 a6 28. Nb4 Ne7 29. Nd3 Rhg8 30. Rxf7 Rxg3 31. Ndf4 Nd5 32. Nxd5 Rxg2 33. Nf6 R8g3 34. Nd7+ Ka7 35. Re7 Rh3 0-1


[Site "https://www.chess.com"]

[Event "Titled Tuesday Blitz January 03 Early 2023"]
[White "Goltsev, Dmitry"]
[Black "Andreev, Eduard"]
[WhiteFideId "24176710"]
[BlackFideId "14103400"]
[WhiteElo "2269"]
[BlackElo "2413"]
[Result "1-0"]
[Round "05"]
[TimeControl "180+2"]
[Date "2023.01.03"]
[WhiteClock "0:00:11"]
[BlackClock "0:00:10"]

1. e4 c6 2. d4 d5 3. Nc3 dxe4 4. Nxe4 Nf6 5. Qe2 Nxe4 6. Qxe4 Nd7 7. Nf3 Nf6 8. Qd3 Bg4 9. Be2 e6 10. c3 Bd6 11. O-O O-O 12. h3 Bf5 13. Qd1 Qc7 14. Bg5 Ne4 15. Be3 h6 16. Nd2 Nxd2 17. Qxd2 Rfd8 18. Rfe1 Rac8 19. Bc4 c5 20. d5 exd5 21. Bxd5 Bh2+ 22. Kh1 c4 23. g3 Bxg3 24. fxg3 Be6 25. Bf4 Bxd5+ 26. Kh2 Qc6 27. Rad1 Rd7 28. Qd4 Be6 29. Qxa7 Rxd1 30. Rxd1 Qf3 31. Qd4 Qe2+ 32. Kg1 Bxh3 33. Rd2 Qf1+ 34. Kh2 Re8 35. Rf2 Re2 36. Rxe2 Qxe2+ 37. Kxh3 Qxb2 38. Qxc4 b5 39. Qc8+ Kh7 40. Qf5+ Kg8 41. Qd3 g5 42. Be5 Qxa2 43. Qd8+ Kh7 44. Qh8+ Kg6 45. Qf6+ Kh7 46. Qg7# 1-0


[Site "https://www.chess.com"]

[Event "Titled Tuesday Blitz January 03 Early 2023"]
[White "Fisher_TheGalactic"]
[Black "HSH1987"]
[WhiteElo "2521"]
[BlackElo "2675"]
[Result "0-1"]
[Round "05"]
[TimeControl "180+2"]
[Date "2023.01.03"]
[WhiteClock "0:00:01"]
[BlackClock "0:00:10"]

1. Nf3 Nf6 2. g3 d5 3. Bg2 c6 4. O-O Bg4 5. d3 Nbd7 6. Nbd2 e5 7. e4 dxe4 8. dxe4 Bc5 9. Qe2 O-O 10. h3 Bh5 11. Rd1 Qc7 12. Nc4 b5 13. Ncd2 Rfd8 14. Nf1 a5 15. g4 Bg6 16. Ng3 a4 17. Nh4 Nf8 18. Bg5 Ne6 19. Bxf6 gxf6 20. Nhf5 Nf4 21. Qf3 a3 22. b3 Rxd1+ 23. Rxd1 Rd8 24. Bf1 Qb6 25. Nh1 h5 26. gxh5 Bxh5 27. Qg3+ Bg6 28. Rxd8+ Qxd8 29. Qc3 Bxf5 30. exf5 Qd4 31. Qxd4 Bxd4 32. Ng3 Nd5 33. Ne4 Kg7 34. Kg2 Nb4 35. c3 Nxa2 36. cxd4 exd4 37. Nd2 Nb4 0-1


[Site "https://www.chess.com"]

[Event "Titled Tuesday Blitz January 03 Early 2023"]
[White "Averjanov, Alexey"]
[Black "Baches Garcia, Guillermo"]
[WhiteFideId "14109867"]
[BlackFideId "2209764"]
[WhiteElo "2399"]
[BlackElo "2327"]
[Result "1-0"]
[Round "05"]
[TimeControl "180+2"]
[Date "2023.01.03"]
[WhiteClock "0:01:07"]
[BlackClock "0:00:11"]

1. d4 Nf6 2. c4 e6 3. Nf3 d5 4. e3 c5 5. dxc5 Bxc5 6. a3 O-O 7. b4 Bd6 8. Bb2 Nc6 9. Nbd2 Qe7 10. Rc1 Rd8 11. Be2 e5 12. cxd5 Nxd5 13. O-O e4 14. Nd4 Nxd4 15. Bxd4 Bf5 16. g3 Rac8 17. Nc4 Bb8 18. Bg4 Qe6 19. Bxf5 Qxf5 20. Qe2 h5 21. h4 Rc6 22. Kg2 Rg6 23. Rfd1 Rg4 24. Rh1 Re8 25. Nd2 g5 26. hxg5 Qxg5 27. Nf1 h4 28. Rc5 Rd8 29. Rh3 b6 30. Rc6 f6 31. Qc4 Kg7 32. Rc8 Rd7 33. Qc6 Rf7 34. Qe8 1-0


[Site "https://www.chess.com"]

[Event "Titled Tuesday Blitz January 03 Early 2023"]
[White "Bettalli, Francesco"]
[Black "Ilkhomi, Jaloliddin"]
[WhiteFideId "2816453"]
[BlackFideId "14700948"]
[WhiteElo "2252"]
[BlackElo "1997"]
[Result "1-0"]
[Round "05"]
[TimeControl "180+2"]
[Date "2023.01.03"]
[WhiteClock "0:02:10"]
[BlackClock "0:00:02"]

1. d4 Nf6 2. Nc3 e6 3. e4 d5 4. e5 Nfd7 5. Nce2 c5 6. c3 Nc6 7. f4 Be7 8. Nf3 g6 9. g3 h5 10. Be3 b6 11. Bg2 Bb7 12. O-O Qc7 13. Qd2 O-O-O 14. Rac1 cxd4 15. Nexd4 a6 16. Nxc6 Bxc6 17. Nd4 Bc5 18. c4 Bxd4 19. Bxd4 dxc4 20. Rxc4 Nc5 21. Bxc6 Qxc6 22. Qe3 Qd5 23. Rfc1 Kb7 24. Bxc5 bxc5 25. Rxc5 Qd4 26. Rc7+ Ka8 27. Rc8+ Kb7 28. Qxd4 Rxd4 29. Rxh8 1-0


[Site "https://www.chess.com"]

[Event "Titled Tuesday Blitz January 03 Early 2023"]
[White "Gheorghiu, Calin"]
[Black "Demin, Vladimir"]
[WhiteFideId "1200305"]
[BlackFideId "4167457"]
[WhiteElo "2313"]
[BlackElo "2430"]
[Result "0-1"]
[Round "05"]
[TimeControl "180+2"]
[Date "2023.01.03"]
[WhiteClock "0:00:02"]
[BlackClock "0:02:00"]

1. d4 Nf6 2. Bf4 d5 3. Nf3 c5 4. e3 Nc6 5. Nbd2 Qb6 6. dxc5 Qxb2 7. Rb1 Qc3 8. Bb5 a6 9. Ba4 g6 10. O-O Bg7 11. e4 dxe4 12. Be5 Qxc5 13. Nxe4 Qa5 14. Nxf6+ Bxf6 15. Bxf6 exf6 16. Bxc6+ bxc6 17. Qd6 Qd5 18. Rfe1+ Be6 19. Qa3 Rd8 20. Rb7 c5 21. Qa4+ Kf8 22. Ra7 Kg7 23. Rxa6 g5 24. c3 h5 25. h4 g4 26. Nh2 Qd2 27. Rf1 Qxc3 0-1


[Site "https://www.chess.com"]

[Event "Titled Tuesday Blitz January 03 Early 2023"]
[White "Skliarov, Viktor"]
[Black "Blanco Acevedo, Cristobal Jose"]
[WhiteFideId "14106736"]
[BlackFideId "3900525"]
[WhiteElo "2383"]
[BlackElo "2310"]
[Result "0-1"]
[Round "05"]
[TimeControl "180+2"]
[Date "2023.01.03"]
[WhiteClock "0:00:07"]
[BlackClock "0:00:13"]

1. e4 c5 2. Nf3 Nc6 3. Bb5 e6 4. Bxc6 bxc6 5. d3 Ne7 6. Qe2 Ng6 7. h4 f6 8. h5 Ne5 9. Nxe5 fxe5 10. Qg4 d6 11. Nd2 Kd7 12. Nc4 Kc7 13. Bd2 Qf6 14. Rh3 Bd7 15. Rf3 Qe7 16. b4 cxb4 17. Bxb4 c5 18. Ba5+ Kc8 19. Rb1 Rb8 20. Rxb8+ Kxb8 21. Qg3 Rg8 22. Bc3 Ka8 23. Ba5 Be8 24. Qh3 g5 25. hxg6 hxg6 26. Kf1 g5 27. Re3 g4 28. Qg3 Bh6 29. Re1 Bf4 30. Rb1 Bxg3 31. fxg3 Rh8 32. Ke2 Rh2 33. Kd2 Rxg2+ 34. Kc3 Ba4 35. Na3 d5 36. Kb2 Qb7+ 37. Ka1 Qxb1+ 38. Kxb1 Rxg3 39. Bc7 Rg1+ 40. Kb2 g3 41. Bxe5 g2 42. exd5 exd5 43. Bd6 Rd1 44. Bxc5 g1=Q 45. Bxg1 Rxg1 46. Kc3 Bc6 47. Kd4 Ra1 48. Kc5 Rxa2 49. Kxc6 Rxa3 50. Kxd5 Rc3 51. Kd4 Rxc2 52. Ke3 a5 53. d4 Rc8 54. Kd3 a4 0-1


[Site "https://www.chess.com"]

[Event "Titled Tuesday Blitz January 03 Early 2023"]
[White "Atakhan, Abtin"]
[Black "Ibadov, Dashgyn"]
[WhiteFideId "22502203"]
[BlackFideId "24107514"]
[WhiteElo "2422"]
[BlackElo "2391"]
[Result "1-0"]
[Round "05"]
[TimeControl "180+2"]
[Date "2023.01.03"]
[WhiteClock "0:00:20"]
[BlackClock "0:00:01"]

1. Nf3 d5 2. d4 Nf6 3. Bf4 c5 4. e3 Nc6 5. Nbd2 Qb6 6. dxc5 Qxb2 7. Rb1 Qc3 8. Bb5 g6 9. O-O Bg7 10. Nb3 O-O 11. a3 e5 12. Bg3 Ne4 13. Qxd5 Nxg3 14. hxg3 Be6 15. Qe4 Bf5 16. Qc4 Qxc4 17. Bxc4 Bxc2 18. Rbc1 Bf5 19. Bd5 Bd3 20. Rfd1 e4 21. Bxc6 bxc6 22. Nfd4 Rab8 23. Na5 Bxd4 24. exd4 Rfc8 25. Nc4 f6 26. Nd6 Rc7 27. f3 f5 28. Re1 Rb3 29. Re3 Rxa3 30. fxe4 fxe4 31. Nxe4 Re7 32. Nf6+ Kf7 33. Rf3 Kg7 34. d5 cxd5 35. Nxd5 Rd7 36. c6 Rxd5 37. c7 Bf5 38. Rxf5 1-0


[Site "https://www.chess.com"]

[Event "Titled Tuesday Blitz January 03 Early 2023"]
[White "Aloma Vidal, Robert"]
[Black "Zhuravlev, Alexey"]
[WhiteFideId "2260409"]
[BlackFideId "4164199"]
[WhiteElo "2442"]
[BlackElo "2359"]
[Result "1-0"]
[Round "05"]
[TimeControl "180+2"]
[Date "2023.01.03"]
[WhiteClock "0:00:10"]
[BlackClock "0:00:01"]

1. e4 c6 2. d4 d5 3. e5 Bf5 4. Nf3 e6 5. Be2 Nd7 6. O-O h6 7. a4 Ne7 8. a5 g5 9. a6 b6 10. Nbd2 Bg7 11. c4 O-O 12. cxd5 cxd5 13. h3 f6 14. exf6 Nxf6 15. Ne5 Rc8 16. b3 Nc6 17. Nxc6 Rxc6 18. Ba3 Rf7 19. Nf3 Rfc7 20. Ne5 Rc3 21. b4 Ne4 22. b5 Qc8 23. Bg4 Bxg4 24. Qxg4 Nd2 25. Rfe1 Nc4 26. Bb4 Nxe5 27. Qh5 R3c4 28. Bd6 Nd3 29. Re3 Rc1+ 30. Rxc1 Rxc1+ 31. Kh2 Nf4 32. Qg4 Rc4 33. Bxf4 gxf4 34. Rxe6 Rxd4 35. Qg6 Qf8 36. Re8 Re4 37. Rxf8+ Kxf8 38. Qd6+ Re7 39. Qxd5 Be5 40. Qa8+ Kf7 41. Qd5+ Kf6 42. f3 Kf5 43. h4 h5 44. Kh3 Rg7 45. Qe4+ Kf6 46. Qc6+ Kf5 47. Qc8+ Kf6 48. Qf8+ Ke6 49. Qe8+ Kd5 50. Qxh5 1-0


[Site "https://www.chess.com"]

[Event "Titled Tuesday Blitz January 03 Early 2023"]
[White "Krstic, Milos"]
[Black "Ginzburg, Yakov"]
[WhiteFideId "954888"]
[BlackFideId "4157176"]
[WhiteElo "2183"]
[BlackElo "2405"]
[Result "1-0"]
[Round "05"]
[TimeControl "180+2"]
[Date "2023.01.03"]
[WhiteClock "0:01:25"]
[BlackClock "0:00:02"]

1. e4 c5 2. Nf3 e6 3. c4 Nc6 4. d4 cxd4 5. Nxd4 Nf6 6. Nc3 Bb4 7. Nxc6 bxc6 8. Qc2 Qa5 9. Bd2 Qc7 10. Be2 O-O 11. O-O Be7 12. Rac1 e5 13. Na4 d6 14. b3 Be6 15. f3 Nd7 16. Be3 f5 17. exf5 Bxf5 18. Bd3 Bxd3 19. Qxd3 Rae8 20. Nc3 h6 21. Rfd1 Nf6 22. Ne4 Rd8 23. Nxf6+ Bxf6 24. Qe4 Rfe8 25. Rc2 Rd7 26. Qg6 Kf8 27. Bxh6 d5 28. Qxf6+ Kg8 29. Qg6 Rd6 30. Qxe8+ Kh7 31. Be3 d4 32. Bf2 d3 33. Rcd2 Rg6 34. Rxd3 1-0


[Site "https://www.chess.com"]

[Event "Titled Tuesday Blitz January 03 Early 2023"]
[White "Malek, Jan"]
[Black "Mikhalsky, Vladimir"]
[WhiteFideId "21864080"]
[BlackFideId "14144352"]
[WhiteElo "2370"]
[BlackElo "2219"]
[Result "0-1"]
[Round "05"]
[TimeControl "180+2"]
[Date "2023.01.03"]
[WhiteClock "0:00:01"]
[BlackClock "0:01:24"]

1. Nf3 c5 2. b3 Nc6 3. Bb2 f6 4. e4 e5 5. Bc4 Nge7 6. O-O d5 7. exd5 Nxd5 8. Re1 Be6 9. Nc3 Be7 10. Bb5 Qd7 11. Nxd5 Bxd5 12. c4 Be6 13. Bxe5 fxe5 14. Nxe5 Qd6 15. Qh5+ Kd8 16. Nf7+ Bxf7 17. Qxf7 Qf6 18. Qd5+ Kc7 19. Qe4 Bd6 20. Rad1 Nd4 21. Qd5 a6 22. Ba4 b5 23. cxb5 axb5 24. Bxb5 Nxb5 25. Re6 Qf4 26. g3 Qd4 27. Qh5 g6 28. Qe2 Na7 29. Rc1 Nc6 30. Rc4 Qd5 31. Qe3 Nd4 32. Rf6 Rhe8 33. Qd3 Re1+ 0-1


[Site "https://www.chess.com"]